 Dungeon Crawl Stone Soup version 0.19-a0-1457-g32fba05 (webtiles) character file.

267 Duskembrace the Sneak (level 6, 0/28 HPs)
             Began as a Spriggan Enchanter on Sept 6, 2016.
             Slain by an orc warrior
             ... wielding a cursed -1 scimitar
              (18 damage)
             ... on level 4 of the Dungeon.
             The game lasted 00:10:27 (3613 turns).

Duskembrace the Sneak (Spriggan Enchanter)          Turns: 3613, Time: 00:10:27

Health: 0/28       AC:  3    Str:  4    XL:     6   Next: 0%
Magic:  9/11       EV: 18    Int: 19    God:
Gold:   211        SH:  0    Dex: 16    Spells: 3 memorised, 4 levels left

rFire  . . .     SeeInvis +     s - +3 short sword (drain)
rCold  . . .     Gourm    .     b - +1 robe
rNeg   + . .     Faith    .     (shield restricted)
rPois  .         Spirit   .     (helmet restricted)
rElec  .         Dismiss  .     (no cloak)
rCorr  .         Reflect  .     (gloves unavailable)
MR     +....     Harm     .     (boots unavailable)
Stlth  ++++......               (no amulet)
                                (no ring)
                                l - ring of positive energy

@: very quick
A: unfitting armour, see invisible, herbivore 3, speed 3, slow metabolism 2
a: no special abilities


You were on level 4 of the Dungeon.
You were not hungry.

You visited 1 branch of the dungeon, and saw 4 of its levels.

You collected 211 gold pieces.

Inventory:

Hand Weapons
 a - a +1 dagger
 h - a +1 dagger of holy wrath
 s - a +3 short sword of draining (weapon)
Armour
 b - a +1 robe (worn)
Magical Staves
 p - an uncursed staff of wizardry {unknown}
Jewellery
 l - a ring of positive energy (left hand)
 r - a cursed ring of teleportation {unknown}
Scrolls
 e - 2 scrolls of fog {unknown}
 f - 3 scrolls of enchant armour {unknown}
 g - 3 scrolls of remove curse {unknown}
 i - 7 scrolls of identify {unknown}
 j - a scroll of magic mapping {unknown}
 k - 3 scrolls of teleportation {unknown}
 m - 2 scrolls of recharging {unknown}
 o - a scroll of amnesia {unknown}
 t - 2 scrolls of random uselessness {unknown}
 u - a scroll of immolation {unknown}
Potions
 n - 2 potions of might {unknown}
 q - a potion of magic {unknown}
Books
 c - a book of Maledictions

   Spells                             Type                      Level
   a - Corona                         Hexes                        1
   b - Ensorcelled Hibernation        Hexes/Ice                    2
   c - Confuse                        Hexes                        3
   d - Tukima's Dance                 Hexes                        3
   e - Dazzling Spray                 Conjuration/Hexes            3
Comestibles
 d - 3 bread rations


   Skills:
 - Level 1.1 Short Blades
 - Level 3.2 Dodging
 + Level 6.9 Stealth
 - Level 2.6 Spellcasting
 * Level 6.9 Hexes


You had 4 spell levels left.
You knew the following spells:

 Your Spells              Type           Power        Failure   Level  Hunger
a - Corona                Hex            ####...      1%          1    None
b - Ensorcelled Hibernat  Hex/Ice        ###...       8%          2    ##.....
c - Confuse               Hex            ####....     2%          3    ###....


Dungeon Overview and Level Annotations

Branches:
Dungeon (4/15)
 Temple: D:4-7

Altars:
Ashenzari
Cheibriados
Kikubaaqudgha


Innate Abilities, Weirdness & Mutations

You are tiny and cannot use many weapons and most armour.
You have supernaturally acute eyesight. (SInv)
You are a herbivore.
You cover ground extremely quickly.
You need consume almost no food.


Message History

The orc wizard closely misses you.
You hit the jackal.
You kill the jackal!
The orc barely misses you.
You see here a jackal corpse.
Casting: Ensorcelled Hibernation
Confirm with . or Enter, or press ? or * to list all spells.
You don't know that spell.
Casting: Ensorcelled Hibernation
Confirm with . or Enter, or press ? or * to list all spells.
Aiming: Ensorcelled Hibernation
Press: ? - help, Shift-Dir - straight line, f - orc warrior
Aim: an orc warrior, wielding a scimitar and wearing a chain mail (chance to defeat MR: 46%)
The orc warrior looks drowsy...
The helpless orc warrior fails to defend itself.
You puncture the orc warrior! You drain the orc warrior!
The orc warrior is severely wounded.
The orc warrior hits you with a scimitar!!
Ouch! That really hurt!
You die...

#### ##### #.. .... #.#
..# # #######.#####..##.
#............oo..o
#####.#.###..>†##..###
#.............o##o.#####
#.###...†.###.@ooo......
#.#####_#####.##########
#.###.....###.#######
#.............#.....#
#####...#..#..#..%..#
##.......[#.....#
##.......#.....#
#.#######..<..# #.#
###.###


You could see an orc warrior, an orc wizard and 3 orcs.

Vanquished Creatures
  A hound (D:4)
  Natasha (twice) (D:3)
  7 adders
  An ooze (D:3)
  5 worms
  5 dart slugs
  4 giant geckos
  9 orcs (D:3)
  2 ball pythons
  6 bats
  9 goblins
  7 hobgoblins
  13 jackals
  A quokka (D:4)
  2 giant newts
  5 kobolds
  5 rats
84 creatures vanquished.

Notes
Turn   | Place    | Note
-------+----------+-------------------------------------------
     0 | D:1      | Duskembrace the Spriggan Enchanter began the quest for the Orb.
     0 | D:1      | Reached XP level 1. HP: 9/9 MP: 5/5
   216 | D:1      | Reached XP level 2. HP: 11/13 MP: 4/6
   220 | D:1      | Learned a level 2 spell: Ensorcelled Hibernation
   760 | D:2      | Reached skill level 5 in Stealth
   772 | D:2      | Reached XP level 3. HP: 16/16 MP: 8/8
   777 | D:2      | Learned a level 3 spell: Confuse
  1042 | D:2      | Reached skill level 5 in Hexes
  1095 | D:2      | Reached XP level 4. HP: 9/21 MP: 1/9
  1777 | D:3      | Noticed Natasha
  1787 | D:3      | Killed Natasha
  1994 | D:3      | Noticed Natasha
  2013 | D:3      | Killed Natasha
  2013 | D:3      | Reached XP level 5. HP: 24/24 MP: 3/10
  2814 | D:3      | Found a snail-covered altar of Cheibriados.
  3469 | D:4      | Found an ancient bone altar of Kikubaaqudgha.
  3567 | D:4      | Found a shattered altar of Ashenzari.
  3597 | D:4      | Noticed an orc warrior
  3604 | D:4      | Reached XP level 6. HP: 25/28 MP: 11/11
  3613 | D:4      | Slain by an orc warrior

Vault maps used:
D:1:      saegor_arrival_simple_c
D:2:      first_bread
D:3:      cheibriados_altar_1, uniq_natasha
D:4:      lemuel_upstairs_altar, cheibrodos_ashenzari_chains,
          kiku_gazebo_garden_becter

Skill      XL: |  1  2  3  4 |
---------------+-------------+-----
Hexes          | 4 5 6 |  6.9
Stealth        | 5 6 |  6.9
Short Blades   | |  1.1
Dodging        | |  3.2
Spellcasting   | |  2.6

Action                   |  1- 3 |  4- 6 || total
-------------------------+-------+-------++-------
Melee: Dagger            |    66 |   180 ||   246
       Short sword       |       |    16 ||    16
 Cast: Corona            |     2 |       ||     2
       Ensorcelled Hiber |    14 |    47 ||    61
       Confuse           |       |     3 ||     3
 Stab: Sleeping          |    18 |    36 ||    54
       Confused          |       |     2 ||     2
  Eat: Pizza             |       |     1 ||     1
       Bread ration      |       |     1 ||     1
Armor: Robe              |     1 |    25 ||    26
Dodge: Dodged            |    33 |   211 ||   244
